Workbook

Sheet Operating Budget
B1: Calais Condominium
B2: Proposed Budget
B3: April 1, 2019 - March 31, 2020
B4: 131 Units
D6: Adopted | E6: Adopted | F6: Adopted | G6: Actual YTD | H6: Projected | I6: Proposed
D7: 2016-17 | E7: 2017-2018 | F7: 2018-2019 | G7: 43465 | H7: 43555 | I7: 2019-2020
B8: Income
A9: 411 | B9: Operating Assessments | D9: 674704 | E9: 699515 | F9: 695426 | G9: 521456 | H9: =+F9 -> 695426 | I9: =+I68-(SUM(I11:I15)) -> 676150
A10: 412 | B10: Reserve Assessments | D10: 229472 | E10: 235587 | F10: 244506 | G10: 183380 | H10: =+F10 -> 244506 | I10: =+I70 -> 245000
A11: 417 | B11: Late Fees | D11: 0 | E11: 0 | F11: 0 | G11: 444 | H11: =+G11/9*12 -> 592 | I11: 0
A12: 427 | B12: S/A Hurricane Irma | F12: 0 | G12: 131000 | H12: 0 | I12: 0
A13: 471 | B13: Application Fees | D13: 0 | E13: 0 | F13: 0 | G13: 1200 | H13: =+G13/9*12 -> 1600 | I13: 0
A14: 491 | B14: Operating Interest and other | D14: 0 | E14: 0 | F14: 0 | G14: 658 | H14: =+G14/9*12 -> 877.33333 | I14: 0
B15: Special Assessment | D15: 0 | E15: 0 | G15: 0 | H15: =+G15/9*12 -> 0 | I15: 0
B16: Total Operating Income | D16: =SUM(D9:D15) -> 904176 | E16: =SUM(E9:E15) -> 935102 | F16: =SUBTOTAL(9,F9:F15) -> 939932 | G16: =SUBTOTAL(9,G9:G15) -> 838138 | H16: =SUBTOTAL(9,H9:H15) -> 943001.33 | I16: =SUBTOTAL(9,I9:I15) -> 921150
B18: Expenses
B19: Utilities
A20: 500 | B20: Electricity | D20: 20205 | E20: 19000 | F20: 19080 | G20: 13059 | H20: =+G20/9*13 -> 18863 | I20: 19000
A21: 504 | B21: Water/Sewer | D21: 43327 | E21: 44000 | F21: 44000 | G21: 29472 | H21: =+G21/9*13 -> 42570.667 | I21: 43000
A22: 508 | B22: Refuse Removal/Recycling | D22: 12330 | E22: 12500 | F22: 12500 | G22: 8457 | H22: =+G22/9*12 -> 11276 | I22: 12500 | J22: *
A23: 510 | B23: Telephone | D23: 5273 | E23: 7900 | F23: 7900 | G23: 6089 | H23: =+G23/9*12 -> 8118.6667 | I23: 8200
A24: 511 | B24: Cell Phone | D24: 1000 | E24: 1000 | F24: 1000 | G24: 554 | H24: =+G24/9*12 -> 738.66667 | I24: 1000
A25: 520 | B25: Cable TV | D25: 1224 | E25: 400 | F25: 400 | G25: 0 | H25: =+G25/9*12 -> 0 | I25: 400
B26: Total Utilities | D26: =+SUBTOTAL(9,D20:D25) -> 83359 | E26: 84800 | F26: =SUBTOTAL(9,F18:F25) -> 84880 | G26: =SUBTOTAL(9,G18:G25) -> 57631 | H26: =SUBTOTAL(9,H18:H25) -> 81567 | I26: =SUBTOTAL(9,I18:I25) -> 84100
B28: Building
A29: 600 | B29: Building Maintenance | D29: 61893 | E29: 55000 | F29: 59000 | G29: 41928 | H29: =+G29/9*12 -> 55904 | I29: 59000
A30: 601 | B30: Roof Repairs | D30: 5150 | E30: 6000 | F30: 6000 | G30: 11893 | H30: =+G30/9*12 -> 15857.333 | I30: 10000
A31: 608 | B31: Exercise Room | D31: 206 | E31: 600 | F31: 600 | G31: 0 | H31: =+G31/9*12 -> 0 | I31: 500
A32: 611 | B32: Janitorial/Building Supplies | D32: 3088 | E32: 3000 | F32: 5000 | G32: 3703 | H32: =+G32/9*12 -> 4937.3333 | I32: 5000
A33: 640 | B33: Elevator | D33: 38184 | E33: 42000 | F33: 45000 | G33: 31382 | H33: =+G33/9*12 -> 41842.667 | I33: 42000
A34: 642 | B34: Emergency Systems | D34: 6445 | E34: 7900 | F34: 7900 | G34: 3499 | H34: =+G34/9*12 -> 4665.3333 | I34: 5000
A35: 644 | B35: Fire Equipment | D35: 8725 | E35: 8000 | F35: 5000 | G35: 887 | H35: =+G35/9*12 -> 1182.6667 | I35: 2000
A36: 660 | B36: Pool Maintenance | D36: 8080 | E36: 10500 | F36: 8500 | G36: 4043 | H36: =+G36/9*12 -> 5390.6667 | I36: 6000
A37: 661 | B37: Pool heat | D37: 6800 | E37: 6800 | F37: 4800 | G37: 2348 | H37: =+G37/9*12 -> 3130.6667 | I37: 3500
B38: Total | D38: =SUM(D29:D37) -> 138571 | E38: =+SUBTOTAL(9,E29:E37) -> 139800 | F38: =SUBTOTAL(9,F29:F37) -> 141800 | G38: =SUBTOTAL(9,G29:G37) -> 99683 | H38: =SUBTOTAL(9,H29:H37) -> 132910.67 | I38: =SUBTOTAL(9,I29:I37) -> 133000
B40: Grounds
A41: 700 | B41: Landscape Contract | D41: 39600 | E41: 39600 | F41: 42600 | G41: 27970 | H41: =+G41/9*12 -> 37293.333 | I41: 40000
A42: 702 | B42: Fertilization/Exterminator | D42: 5781 | E42: 8900 | F42: 8900 | G42: 8067 | H42: =+G42/9*12 -> 10756 | I42: 10000
A43: 704 | B43: Sod, Plantings, Rock | D43: 17575 | E43: 18250 | F43: 20250 | G43: 13635 | H43: =+G43/9*12 -> 18180 | I43: 20000
A44: 705 | B44: Mulch | D44: 6351 | E44: 8950 | F44: 8950 | G44: 4886 | H44: =+G44/9*12 -> 6514.6667 | I44: 7000
A45: 708 | B45: Sprinkler System | D45: 4118 | E45: 5200 | F45: 10463 | G45: 950 | H45: 2405 | I45: 3000
A46: 710 | B46: Tree Trimming | D46: 12119 | E46: 10300 | F46: 10300 | G46: 13400 | H46: =+G46/9*12 -> 17866.667 | I46: 15000
A47: 715 | B47: Grounds Maint/Holiday Décor | D47: 10325 | E47: 10325 | F47: 10345 | G47: 4408 | H47: =+G47/9*12 -> 5877.3333 | I47: 6000
A48: 725 | B48: Lake Maintenance | D48: 2329 | E48: 2400 | F48: 2400 | G48: 930 | H48: =+G48/9*12 -> 1240 | I48: 1500
A49: 770 | B49: Hurricane Irma | F49: 0 | G49: 5278 | H49: =+G49/9*12 -> 7037.3333 | I49: 0
B50: Total | D50: =SUM(D41:D48) -> 98198 | E50: =+SUBTOTAL(9,E41:E48) -> 103925 | F50: =+SUBTOTAL(9,F41:F49) -> 114208 | G50: =SUBTOTAL(9,G41:G49) -> 79524 | H50: =SUBTOTAL(9,H41:H49) -> 107170.33 | I50: =SUBTOTAL(9,I41:I49) -> 102500
B52: Administration
A53: 800 | B53: Management Fee | D53: 21858 | E53: 22300 | F53: 22300 | G53: 16208 | H53: =+G53/9*12 -> 21610.667 | I53: 23000
A54: 805 | B54: Office Expenses | D54: 5782 | E54: 5900 | F54: 5900 | G54: 4337 | H54: =+G54/9*12 -> 5782.6667 | I54: 5900
A55: 810 | B55: Admin-Applications | D55: 1415 | E55: 1415 | F55: 1400 | G55: 550 | H55: =+G55/9*12 -> 733.33333 | I55: 1000
A56: 811 | B56: Social Activities | D56: 170 | E56: 800 | F56: 800 | G56: 245 | H56: =+G56/9*12 -> 326.66667 | I56: 500
A57: 812 | B57: Legal | D57: 1545 | E57: 1600 | F57: 1600 | G57: 174 | H57: =+G57/9*12 -> 232 | I57: 1000
A58: 813 | B58: Accounting | D58: 5613 | E58: 5800 | F58: 5800 | G58: 5633 | H58: 5633 | I58: 5800
A59: 816 | B59: Consulting Fees | D59: 2575 | E59: 2900 | F59: 818 | G59: 0 | H59: =+G59/9*12 -> 0 | I59: 1000
A60: 820 | B60: Fees to Division | D60: 622 | E60: 625 | F60: 100 | G60: 585 | H60: 585 | I60: 600
A61: 825 | B61: Licenses | D61: 797 | E61: 800 | F61: 100 | G61: 750 | H61: 750 | I61: 750
A62: 830 | B62: Taxes | D62: 1030 | E62: 1000 | F62: 100 | G62: 0 | H62: =+G62/9*12 -> 0 | I62: 0
A63: 835 | B63: Insurance | D63: 178843 | E63: 178850 | F63: 181000 | G63: 130181 | H63: =+G63/9*12 -> 173574.67 | I63: 180000
A64: 801 | B64: Personnel on Site | D64: 112375 | E64: 127000 | F64: 134620 | G64: 102627 | H64: =+G64/9*12 -> 136836 | I64: 137000
B65: Total | D65: =SUM(D53:D64) -> 332625 | E65: =+SUBTOTAL(9,E53:E64) -> 348990 | F65: =+SUBTOTAL(9,F53:F64) -> 354538 | G65: =+SUBTOTAL(9,G53:G64) -> 261290 | H65: =+SUBTOTAL(9,H53:H64) -> 346064 | I65: =+SUBTOTAL(9,I53:I64) -> 356550
B68: TOTAL OPERATING EXPENSE | D68: =SUM(D65+D50+D38+D26) -> 652753 | E68: =SUM(E65+E50+E38+E26) -> 677515 | F68: =SUBTOTAL(9,F20:F67) -> 695426 | G68: =SUBTOTAL(9,G20:G67) -> 498128 | H68: =SUBTOTAL(9,H20:H67) -> 667712 | I68: =SUBTOTAL(9,I20:I67) -> 676150
B70: RESERVES | D70: 229472 | E70: 235587 | F70: 244506 | G70: 183380 | H70: =+G70/9*12 -> 244506.67 | I70: 245000
B72: TOTAL COMMON EXPENSE | D72: =SUM(D68:D70) -> 882225 | E72: =SUM(E68:E70) -> 913102 | F72: =SUM(F68:F70) -> 939932 | G72: =SUM(G68:G70) -> 681508 | H72: =SUM(H68:H70) -> 912218.67 | I72: =SUM(I68:I70) -> 921150
B74: Annual Assessment (A,B,G) | D74: 7286 | E74: 6751 | F74: 7021 | I74: =+'Fee Calc'!B4 -> 6936.2595
B75: Quarterly Assessment (A,B,G) | D75: 1822 | E75: =+E74/4 -> 1687.75 | F75: 1755 | I75: =+'Fee Calc'!B7 -> 1734.0649
B77: Annual Assessment (C,D,E,F,H) | D77: 7468 | E77: 6939 | F77: 7213 | I77: =+'Fee Calc'!B5 -> 7055.2595
B78: Quarterly Assess.C,D,E,F,H | D78: 1867 | E78: =+E77/4 -> 1734.75 | F78: 1803 | I78: =+'Fee Calc'!B8 -> 1763.8149

Sheet Fee Calc
A4: Annual Assessment for A,B,G units | B4: =+B18/131 -> 6936.2595
A5: Annual Assessment for C,D,E,F,H units | B5: =+B18/131+119 -> 7055.2595
A7: Quarterly Assessment for A,B,G units | B7: =+B4/4 -> 1734.0649
A8: Quarterly Assessment for C,D,E,F,H units | B8: =+B5/4 -> 1763.8149
A11: Fee Adjustment for Trash Collection
A13: Buildings A,B,G pay for trash collection through tax bill (26 units)
A15: Total Annual Budget | B15: =+'Operating Budget'!I72 -> 921150
A16: Trash collection budgeted by Association for buildings C,D,E,F,H | B16: =+'Operating Budget'!I22 -> 12500
A17: Buildings C,D,E,F,H pay for trash collection though maintenance fee (105 units annual) | B17: =+B16/105 -> 119.04762
A18: Total Annual Budget less Trash Collection | B18: =+B15-B16 -> 908650

Sheet NOTES
B9: 2019 | C9: 2018
A12: Total Common Expense | B12: =+'Operating Budget'!I72 -> 921150 | C12: =+'Operating Budget'!F16 -> 939932
A14: Total Revenue A,B,G | B14: =+'Fee Calc'!B4*26 -> 180342.75 | C14: =+'Operating Budget'!F74*26 -> 182546
A15: Total Revenue C,D,E,F,H | B15: =+'Fee Calc'!B5*105 -> 740802.25 | C15: =+'Operating Budget'!F77*105 -> 757365
A16: Total Revenue Collected | B16: =SUM(B14:B15) -> 921145 | C16: =SUM(C14:C15) -> 939911
